 Dungeon Crawl Stone Soup version 0.29.1-14-g9c671dbff4 (webtiles) character file.

Game seed: 1652437643759416831

11 pener the Vexing (level 2, 0/16 HPs)
             Began as a Kobold Arcane Marksman on Feb 17, 2023.
             Succumbed to an adder's poison
             ... on level 1 of the Dungeon.
             The game lasted 00:07:34 (425 turns).

pener the Vexing (Kobold Arcane Marksman)            Turns: 425, Time: 00:07:35

Health: 0/16       AC:  3    Str:  7    XL:     2   Next: 40%
Magic:  3/3        EV: 14    Int: 14    God:
Gold:   25         SH:  0    Dex: 15    Spells: 2/3 levels left

rFire   . . .      SeeInvis .   a - +1 sling
rCold   . . .      Faith    .   (no shield)
rNeg    . . .      Spirit   .   e - +0 leather armour
rPois   .          Reflect  .   (no helmet)
rElec   .          Harm     .   (no cloak)
rCorr   .          Rampage  .   (no gloves)
Will    .....                   (no boots)
Stlth   ++........              (no amulet)
HPRegen 0.05/turn               (no ring)
MPRegen 0.08/turn               (no ring)

@: lethally poisoned (0 -> -7)
A: small, no large weapons, nightstalker 3
a: no special abilities


You were on level 1 of the Dungeon.
You visited 1 branch of the dungeon, and saw 2 of its levels.

You collected 25 gold pieces.

Inventory:

Hand Weapons
 a - a +1 sling (weapon)
 d - a +0 sling
Armour
 c - a +0 robe
 e - a +0 leather armour (worn)
 i - a +0 leather armour
Scrolls
 b - a scroll of poison
 g - a scroll of torment {unknown}
 h - 2 scrolls of magic mapping {unknown}
 j - a scroll of butterflies {unknown}
 k - a scroll of amnesia {unknown}
Potions
 f - a potion of heal wounds {unknown}


   Skills:
 + Level 1.1 Fighting
 + Level 2.9 Ranged Weapons
 + Level 0.1 Armour
 + Level 2.8 Dodging
 + Level 1.1 Spellcasting
 + Level 3.3 Hexes


You had 2 spell levels left.
You knew the following spells:

 Your Spells              Type           Power      Damage    Failure   Level
a - Slow                  Hex            40%        N/A       10%         1

Your spell library contained the following spells:

 Spells                   Type           Power      Damage    Failure   Level
 Inner Flame              Hex/Fire       5%         N/A       50%         3
 Portal Projectile        Hex/Tloc       10%        N/A       50%         3
 Cause Fear               Hex            5%         N/A       67%         4


Dungeon Overview and Level Annotations

Branches:
Dungeon (2/15)

Altars:


Innate Abilities, Weirdness & Mutations

You are small and have problems with some larger weapons.
You are completely attuned to the shadows.


Message History

There is an escape hatch in the floor here.
There is an escape hatch in the floor here.
You slide downwards.
The hatch slams shut behind you.
Found a scroll labelled RUFOTA AREA and a scroll of poison.
Found a stone staircase leading up.
Fire: a) +1 sling
Press: ? - help, Shift-Dir - straight line, f - adder
Aim: an adder (asleep, 98% to hit)
You shoot a sling bullet. The sling bullet hits the adder.
The adder hisses angrily.
The adder is heavily wounded.
The goblin shouts!
Fire: a) +1 sling
Press: ? - help, Shift-Dir - straight line, f/p - adder
Aim: an adder (heavily wounded, 38% to hit)
You shoot a sling bullet.
The sling bullet barely misses the adder.
The sling bullet hits the goblin.
You kill the goblin!
The adder closely misses you. The adder bites you.
You are poisoned.
The adder poisons you!
Fire: a) +1 sling
Press: ? - help, Shift-Dir - straight line, f/p - adder
Aim: an adder (heavily wounded, 38% to hit)
You shoot a sling bullet.
The sling bullet barely misses the adder.
You feel very sick. The adder bites you.
You are lethally poisoned!
The adder poisons you! The adder misses you.
Sorry, you're not good enough to have a special ability.
* * * LOW HITPOINT WARNING * * *
You feel sick.
There is a stone staircase leading up here.
You can't go down here!
* * * LOW HITPOINT WARNING * * *
You feel sick. The adder misses you.
You climb upwards.
You die...

# ###.###.........#...###......
#####...#........########........
..............#..########.#.>#...
.................................
......###.#####...............#..
......###.# ###....##.#.#####.##.
........... ...##.##...# ..
#...#####.# ###.S#......#
..#######.# ####@####...#####.
######....###................. .
....##.....##.............#
#######...#######....##.##...#
#.......######....##.......###
....##### #...##.#..###.### #.#.#
##.........## #..#
#.#....###.................#
#.####.......####.##......##


You could see an adder.

Vanquished Creatures
  2 ball pythons (D:1)
  An endoplasm (D:1)
  2 goblins
  A hobgoblin (D:1)
  2 jackals (D:1)
  A rat (D:1)
9 creatures vanquished.

Notes
Turn   | Place    | Note
-------+----------+-------------------------------------------
     0 | D:1      | pener the Kobold Arcane Marksman began the quest for the
                  | Orb.
     0 | D:1      | Reached XP level 1. HP: 12/12 MP: 2/2
   309 | D:1      | Reached XP level 2. HP: 16/16 MP: 3/3
   425 | D:1      | Succumbed to an adder's poison

Illustrated notes

Levels and vault maps discovered:
D:1:      kilobyte_arrival_exit_the_forest, layout_rooms,
          chequers_ecumenical_altar_grove, corner_web_ring
D:2:      minmay_diamond_boxcup, layout_rooms, basic_altar

Action                   || total
-------------------------++-------
Melee: Sling             ||     5
 Fire: Sling             ||    30
 Cast: Slow              ||     2
Armor: Leather armour    ||     9
Dodge: Dodged            ||    44
